 Dungeon Crawl Stone Soup version 0.17-a0-913-g36eb389 (webtiles) character file.

224 drasked the Magician (level 5, -3/28 HPs)
             Began as a Deep Elf Ice Elementalist on May 3, 2015.
             Slain by an orc
             ... wielding a +0 flail
              (9 damage)
             ... on level 3 of the Dungeon.
             The game lasted 00:07:46 (2874 turns).

drasked the Magician (Deep Elf Ice Elementalist)    Turns: 2874, Time: 00:07:46

Health: -3/28      AC:  8    Str:  6    XL:     5   Next: 67%
Magic:  0/14       EV: 13    Int: 20    God:
Gold:   99         SH:  0    Dex: 15    Spells: 2 memorised, 10 levels left

rFire  . . .     SeeInvis .     p - +0 club
rCold  . . .     Clarity  .     a - +0 robe
rNeg   . . .     SustAb   .     (no shield)
rPois  .         Gourm    .     (no helmet)
rElec  .         Spirit   .     (no cloak)
rCorr  .         Warding  .     (no gloves)
rMut   .         Stasis   .     (no boots)
MR     .....                    (no amulet)
Stlth  ++........               (no ring)
                                (no ring)

@: icy armour (expiring), not resistant to hostile enchantments, unstealthy
A: no striking features
a: no special abilities


You were on level 3 of the Dungeon.
You were not hungry.

You visited 1 branch of the dungeon, and saw 3 of its levels.

You collected 99 gold pieces.

Inventory:

Hand weapons
 p - a +0 club (weapon)
   (You took it off a goblin on level 1 of the Dungeon)
Armour
 a - a +0 robe (worn)
Magical staves
 s - an uncursed staff of conjuration {!a}
   (You took it off a kobold on level 3 of the Dungeon)
Jewellery
 i - an uncursed ring of ice {unknown}
   (You found it on level 1 of the Dungeon)
 m - an uncursed amulet of stasis {unknown}
   (You found it on level 1 of the Dungeon)
Scrolls
 g - a scroll of amnesia {unknown}
 l - 4 scrolls of identify {unknown}
 r - a scroll of blinking {unknown}
Potions
 e - a potion of curing {unknown}
 f - a potion of resistance {unknown}
 h - a potion of invisibility {unknown}
 j - 2 potions of brilliance {unknown}
 q - 3 potions of agility {unknown}
Books
 b - a book of Frost
Comestibles
 c - a bread ration {@e1}
 d - a slice of pizza
 k - a meat ration {@e2}
 n - a beef jerky
 o - a royal jelly


   Skills:
 - Level 2.4 Dodging
 - Level 2.4 Stealth
 - Level 5.3 Spellcasting
   Level 1.1 Conjurations
 + Level 3.3 Charms
 - Level 5.3 Ice Magic


You had 10 spell levels left.
You knew the following spells:

 Your Spells              Type           Power        Failure   Level  Hunger
a - Freeze                Ice            ####         1%          1    None
A - Ozocubu's Armour      Chrm/Ice       ###.....     8%          3    ##.....


Dungeon Overview and Level Annotations

Branches:
Dungeon (3/15)

Altars:
Okawaru

Annotations:
D:3 inmateoo's ghost, average GrMo


Message History

An orc comes into view. It is wielding a dagger.
The orc priest misses you.
An orc wizard comes into view. It is wielding a dagger.
Aim: an orc priest, wielding a whip You miscast Freeze.
You are very lightly contaminated with residual magic.
Frost spreads across the the floor.
The orc priest utters an invocation to Beogh.
You feel a wave of unholy energy pass over you.
The orc wizard casts a spell.
The orc wizard seems to speed up.
You now have 9/14 mp.
Aim: an orc priest, wielding a whip You freeze the orc priest.
The orc priest closely misses you.
Aim: an orc priest, wielding a whip (moderately wounded)
You freeze the orc priest. The orc priest hits you with a whip.
You take 2 damage, and have 26/28 hp.
You now have 8/14 mp.
Aim: an orc priest, wielding a whip (almost dead)
You freeze the orc priest.
You kill the orc priest!
Your Charms skill gained 2 levels and is now at level 2!
You now have 7/14 mp.
Aim: an orc, wearing a leather armour You freeze the orc.
The orc hits you.
You take 5 damage, and have 21/28 hp.
You now have 6/14 mp.
A film of ice covers your body! The orc hits you but does no damage.
You now have 3/14 mp.
Aim: an orc, wearing a leather armour (lightly wounded)
You freeze the orc. The orc misses you.
You now have 2/14 mp.
Aim: an orc, wearing a leather armour (almost dead)
You freeze the orc.
You kill the orc!
The orc wizard gestures at you while chanting.
The puff of flame hits you! The heat melts your icy armour.
You take 7 damage, and have 14/28 hp.
MASSIVE DAMAGE!!
Aim: an orc wizard, wielding a dagger and wearing a robe (fast)
You freeze the orc wizard.
The orc wizard points at you and mumbles some strange words.
The puff of frost misses you.
You now have 1/14 mp.
Aim: an orc wizard, wielding a dagger and wearing a robe (severely wounded, fast)
You freeze the orc wizard.
The orc wizard hits you but does no damage.
The orc wizard closely misses you.
An orc comes into view. It is wielding a flail.
You now have 0/14 mp.
You closely miss the orc wizard.
The orc wizard hits you but does no damage.
The orc wizard casts a spell at you. The puff of flame hits you!
The heat melts your icy armour.
You take 4 damage, and have 10/28 hp.
The orc shouts!
You hit the orc wizard but do no damage.
The orc wizard gestures at you while chanting.
The magic dart hits you!
The orc wizard hits you but does no damage.
You hit the orc wizard but do no damage.
The orc wizard hits you with a dagger.
The orc wizard hits you but does no damage.
You take 1 damage, and have 10/28 hp.
You hit the orc wizard but do no damage.
The orc wizard hits you but does no damage.
The orc wizard misses you.
You hit the orc wizard but do no damage.
The orc wizard hits you but does no damage.
The orc wizard points at you and mumbles some strange words.
The puff of flame misses you.
You barely miss the orc wizard.
The orc wizard points at you and mumbles some strange words.
The puff of flame hits you!
* * * LOW HITPOINT WARNING * * *
The orc wizard closely misses you. The heat melts your icy armour.
You take 5 damage, and have 5/28 hp.
Aim: an orc wizard, wielding a dagger and wearing a robe (almost dead, fast)
You freeze the orc wizard.
The orc wizard hits you but does no damage.
You now have 0/14 mp.
Unknown command.
You don't have enough magic to cast that spell.
You completely miss the orc wizard.
The orc wizard hits you but does no damage. x2
Your magical contamination has completely faded away.
You hit the orc wizard.
You kill the orc wizard!
Your Charms skill increases to level 3!
The orc closely misses you.
You completely miss the orc. The orc hits you but does no damage.
Aim: an orc, wielding a dagger You freeze the orc.
You kill the orc!
Your icy armour starts to melt.
You now have 0/14 mp.
You hit the orc. The orc closely misses you.
You hit the orc. The orc hits you with a flail!
You die...

... #..... .... .... ...
#.. #.# ########### #o#
#........#.
#######@######........#.
.........)...............
###.##########........#.
#########........#.
........'........+.
...######........#.
+.............#.
###...........#.
#......####...


You could see an orc.

Vanquished Creatures
  An orc priest (D:3)
  2 orc wizards (D:3)
  4 gnolls
  4 adders (D:2)
  An ooze (D:1)
  2 worms (D:2)
  A giant gecko (D:2)
  2 orcs (D:3)
  3 giant cockroaches (D:3)
  7 goblins
  4 hobgoblins
  6 kobolds
  2 ball pythons (D:1)
  5 bats
  5 giant newts
  11 rats
60 creatures vanquished.

Notes
Turn   | Place    | Note
--------------------------------------------------------------
     0 | D:1      | drasked, the Deep Elf Ice Elementalist, began the quest for the Orb.
     0 | D:1      | Reached XP level 1. HP: 10/10 MP: 6/6
   341 | D:1      | Reached XP level 2. HP: 7/15 MP: 4/8
  1079 | D:2      | Reached skill level 4 in Ice Magic
  1197 | D:2      | Reached XP level 3. HP: 12/19 MP: 5/10
  1382 | D:2      | Reached skill level 4 in Spellcasting
  1887 | D:2      | Learned a level 3 spell: Ozocubu's Armour
  2084 | D:2      | Reached XP level 4. HP: 24/24 MP: 10/12
  2385 | D:3      | Noticed inmateoo's ghost (average GrMo)
  2602 | D:3      | Found an iron altar of Okawaru.
  2659 | D:3      | Reached skill level 5 in Ice Magic
  2668 | D:3      | Reached skill level 5 in Spellcasting
  2848 | D:3      | Reached XP level 5. HP: 28/28 MP: 10/14
  2854 | D:3      | Reached skill level 2 in Charms
  2867 | D:3      | HP: 5/28 [orc wizard/puff of flame (5)]
  2870 | D:3      | Reached skill level 3 in Charms
  2874 | D:3      | Slain by an orc

Action                   |  1- 3 |  4- 6 || total
-------------------------+-------+-------++-------
Melee: Club              |     6 |    11 ||    17
 Cast: Freeze            |    57 |    48 ||   105
       Ozocubu's Armour  |       |     4 ||     4
  Eat: Chunk             |     3 |     3 ||     6

Vault maps used:
D:1:      dpeg_arrival_lava_altar
D:2:      minmay_misc_feat_iff
D:3:      okawaru_gym_becter

Table legend:
 A = Turns spent in this place as a percentage of turns spent in the entire game.
 B = Non-inter-level travel turns spent in this place as a percentage of non-inter-level travel turns spent in the entire game.
 C = Inter-level travel turns spent in this place as a percentage of turns spent in this place.
 D = Turns resting spent in this place as a percentage of non-inter-level travel turns spent in this place.
 E = Turns spent auto-exploring this place as a percentage of non-inter-level travel turns spent in this place.
 F = Non-inter-level travel turns spent in this place divided by the number of levels of this place that you've seen.
                   A       B       C       D       E      F
               +-------+-------+-------+-------+-------+----------------------
         Total | 100.0 | 100.0 |   1.4 |   5.0 |  10.2 | 239.0
       Dungeon | 100.0 | 100.0 |   1.4 |   5.0 |  10.2 | 239.0
               +-------+-------+-------+-------+-------+----------------------

Table legend:
 A = Kills in this place as a percentage of kills in entire the game.
 B = Kills by you in this place as a percentage of kills by you in the entire game.
 C = Kills by friends in this place as a percentage of kills by friends in the entire game.
 D = Other kills in this place as a percentage of other kills in the entire game.
 E = Experience gained in this place as a percentage of experience gained in the entire game.
 F = Experience gained in this place divided by the number of levels of this place that you have seen.
                   A       B       C       D       E      F
               +-------+-------+-------+-------+-------+----------------------
         Total | 100.0 | 100.0 |  -nan |  -nan | 100.0 | 106.7
       Dungeon | 100.0 | 100.0 |  -nan |  -nan | 100.0 | 106.7
               +-------+-------+-------+-------+-------+----------------------
